 Dungeon Crawl Stone Soup version 0.21.0-25-ge575cb9 (webtiles) character file.

692183 komo4ek the Skullcrusher (level 27, -12/130 HPs)
             Began as a Gargoyle Fighter on Jan 26, 2018.
             Was the Champion of Okawaru.
             Killed by divine providence
             ... invoked by a daeva
              (15 damage)
             ... on level 4 of the Depths.
             The game lasted 03:52:35 (67825 turns).

komo4ek the Skullcrusher (Gargoyle Fighter)        Turns: 67825, Time: 03:52:36

Health: -12/130    AC: 47    Str: 40      XL:     27
Magic:  26/26      EV: 13    Int:  9      God:    Okawaru [******]
Gold:   7063       SH:  0    Dex: 10 (11) Spells: 26/26 levels left

rFire    + + +     SeeInvis +   u - +7 eveningstar (drain)
rCold    . . .     Gourm    .   q - +3 shield of Vlad {rC- Dex+6}
rNeg     + + .     Faith    .   y - +0 fire dragon scales
rPois    ∞         Spirit   .   M - +2 helmet of the Black Skies {-Cast MR+ Regen+}
rElec    +         Reflect  .   i - scarf {rC+ rF+}
rCorr    +         Harm     .   r - +2 pair of gloves {archery}
MR       +++++     Rnd*Rage +   b - +2 pair of boots Stlth ..........NoCast +
                                p - amulet of regeneration
HPRegen  0.00/turn              J - ring "Ekeop" {MR+ EV+3 Str+4 Int+4}
MPRegen  0.20/turn              B - ring "Ybeon" {*Slow rElec rN+ Str+7 SInv}

@: confused, resistant, very slightly contaminated, studying Long Blades,
invisible
A: big wings, large bone plates 1, thin metallic scales 1, berserk 2, blurry
vision 1, clumsy 2, deformed body, deterioration 2, dopey 2, frail 3, low mp 3,
magic resistance 1, negative energy resistance 1, electricity resistance,
inhibited regeneration, weak 2, unbreathing, petrification resistance, no potion
heal 3, rot immunity, MP-powered wands, AC +20
0: Orb of Zot
}: 4/15 runes: barnacled, slimy, silver, gossamer
a: Fly, Heroism, Finesse, Renounce Religion


You were on level 4 of the Depths.
You worshipped Okawaru.
Okawaru was exalted by your worship.
You were not hungry.

You visited 11 branches of the dungeon, and saw 55 of its levels.
You visited the Abyss 2 times.

You collected 8292 gold pieces.
You spent 1229 gold pieces at shops.

Inventory:

Hand Weapons
 u - a +7 eveningstar of draining (weapon)
Armour
 b - a +2 pair of boots (worn)
 g - +5 gold dragon scales
 h - the +2 cloak "Zaeraf" {MR+}
   (Okawaru gifted it to you on level 2 of the Spider Nest)

   It affects your resistance to hostile enchantments.
 i - a scarf of resistance (worn)
 q - the +3 shield of Vlad (worn) {rC- Dex+6}
   (Okawaru gifted it to you on level 4 of the Realm of Zot)

   It affects your dexterity (+6).
   It makes you vulnerable to cold.
 r - a +2 pair of gloves of archery (worn)
 t - a +1 large shield
 y - +0 fire dragon scales (worn)
 M - the +2 helmet of the Black Skies (worn) {-Cast MR+ Regen+}
   (Okawaru gifted it to you on level 5 of the Realm of Zot)

   It affects your resistance to hostile enchantments.
   It prevents spellcasting.
   It increases your rate of regeneration.
 Q - the +0 helmet of the Thistle {rC+ rN+}
   (You found it on level 14 of the Dungeon)

   It protects you from cold.
   It protects you from negative energy.
Jewellery
 a - an uncursed ring of see invisible
 c - a cursed -2 ring of evasion {unknown}
 p - an amulet of regeneration (around neck)
 z - the amulet "Zoawn" {RegenMP *Slow rElec rC- MR+++}
   (You found it on level 5 of the Pits of Slime)

   [amulet of magic regeneration]

   It increases your magic regeneration.
   It makes you vulnerable to cold.
   It insulates you from electricity.
   It affects your resistance to hostile enchantments.
   It may slow you when you take damage.
 B - the ring "Ybeon" (right hand) {*Slow rElec rN+ Str+7 SInv}
   (You found it on level 5 of the Pits of Slime)

   [ring of see invisible]

   It affects your strength (+7).
   It insulates you from electricity.
   It protects you from negative energy.
   It lets you see invisible.
   It may slow you when you take damage.
 I - an uncursed ring of protection from fire {unknown}
 J - the ring "Ekeop" (left hand) {MR+ EV+3 Str+4 Int+4}
   (You found it on level 1 of the Shoals)

   [ring of evasion]

   It affects your evasion (+3).
   It affects your strength (+4).
   It affects your intelligence (+4).
   It affects your resistance to hostile enchantments.
Wands
 N - a wand of acid (25)
 S - a wand of clouds (3)
 Y - a wand of digging (72)
Scrolls
 d - a scroll of summoning
 e - 25 scrolls of remove curse
 k - 9 scrolls of immolation
 l - 16 scrolls of identify
 s - a scroll of brand weapon
 x - 6 scrolls of teleportation
 D - 8 scrolls of blinking
 E - 3 scrolls of holy word
 G - 4 scrolls of fear
 U - 12 scrolls of fog
 X - 3 scrolls of silence
 Z - 9 scrolls of amnesia
Potions
 j - 10 potions of flight
 m - 3 potions of berserk rage
 n - 2 potions of curing
 o - 12 potions of lignification
 v - 5 potions of haste
 w - 2 potions of heal wounds
 C - 12 potions of brilliance
 F - 3 potions of ambrosia
 H - 2 potions of agility
 O - 3 potions of cancellation
 R - 3 potions of invisibility
 V - 2 potions of magic
Books
 L - a manual of Long Blades
Miscellaneous
 K - a phial of floods
Comestibles
 f - 38 rations


   Skills:
 + Level 22.5 Fighting
 O Level 27 Maces & Flails
 + Level 23.8 Armour
 + Level 22.3 Shields
 + Level 22.6 Invocations


You had 26 spell levels left.
You didn't know any spells.

Dungeon Overview and Level Annotations

Branches:
Dungeon (15/15)            Temple (1/1) D:5            Lair (6/6) D:8
 Shoals (4/4) Lair:3       Spider (4/4) Lair:2        Slime (5/5) Lair:5
    Orc (2/2) D:10            Elf (3/3) Orc:2        Vaults (5/5) D:13
  Crypt (0/3) Vaults:3     Depths (5/5) D:15            Zot (5/5) Depths:5

Altars:
Ashenzari
Cheibriados
Dithmenos
Fedhas
Hepliaklqana
Kikubaaqudgha
Makhleb
Nemelex Xobeh
Okawaru
Qazlal
Ru
Sif Muna
Trog
Uskayaw
Vehumet
Wu Jian
Xom
Yredelemnul
Zin
Beogh
Jiyva

Shops:
D:9 ![!   Orc:2 (:*[   Shoals:2 (   Vaults:1 *   Depths:1 %

Portals:
Hell: Depths:1 Depths:2 Depths:3 Depths:4 Depths:5
Abyss: Depths:4 Depths:5
Pandemonium: Depths:3 Depths:4
Ziggurat: Depths:4

Annotations:
Depths:2 2 transporters, exclusion: orange crystal statue
Depths:5 exclusion: door


Innate Abilities, Weirdness & Mutations

You are resistant to torment.
Your stone body is resilient. (AC +20)
You are immune to poison.
Your large and strong wings let you fly indefinitely.
You resist negative energy. (rN+)
You are resistant to electric shocks. (rElec)
You can survive without breathing.
You are immune to petrification.
You are immune to rotting.
You are partially covered in large bone plates. (SH +4)
You are partially covered in thin metallic scales. (AC +2)
You often lose your temper in combat.
Scrolls take you a little longer to read.
You are very clumsy. (Dex -4)
Armour fits poorly on your strangely shaped body.
Your body often deteriorates upon taking damage.
You are very dopey. (Int -4)
You are extremely frail. (-30% HP)
Your magical capacity is extremely low. (-30% MP)
You are resistant to hostile enchantments. (MR+)
You do not regenerate when monsters are visible.
You are very weak. (Str -4)
Potions cannot restore your health.
You expend magic power (3 MP) to strengthen your wands.


Message History

There is a stone staircase leading down here.
You are confused.
Your system rejects the healing.
You feel invigorated. The smoke demon misses you.
The smoke demon hits you but does no damage. x2
The smoke demon hits you.
* * * LOW HITPOINT WARNING * * *
The smoke demon completely misses you.
The smoke demon hits you but does no damage.
The daeva shouts!
Okay, then.
Press: ? - help, v - describe, . - travel
Here: a smoke demon The floor.
You fade into invisibility!
The smoke demon closely misses you. x2; The smoke demon misses you.
You are very lightly contaminated with residual magic.
The daeva calls down the wrath of the Shining One upon you.
The Shining One smites you!
You die...

#####.....[....##....## #.#
##.........#).(.#....#####.#
..........###.(.#.......##.#
.#..#....###....##.......#.#
...###....##...).##........#
..##.##...###..(..##....(.('
.##.∩A##....###[...###..[(.#
..##.##......##....#........
#..###..#..@..##...........[
##..#..####.3..##........###
##...######..>.#.......##
######........##....###
#.........###...#
#.....)####.#####
##...........##
#.............#
#............##


You could see a daeva and a smoke demon.

Vanquished Creatures
  the Royal Jelly (Slime:5)
  A pandemonium lord (Zot:4)
  10 orbs of fire
  The ghost of IjonTichy1 the Conqueror, a legendary FoAs of Dithmenos (Zot:5)
  Mara (Depths:1)
  3 ancient liches (Zot:5)
  2 juggernauts
  Saint Roka (Orc:1)
  A caustic shrike (Depths:4)
  3 Killer Klowns
  2 curse toes
  8 golden dragons
  Jory (Depths:4)
  A bone dragon (Zot:1)
  3 electric golems
  6 tentacled monstrosities
  Rupert (D:13)
  Jorgrun (Depths:1)
  5 liches
  2 titans (Vaults:5)
  24 Orb Guardians
  21 acid blobs
  Asterion (Vaults:3)
  A deep elf blademaster (Elf:3)
  2 deep elf master archers (Elf:3)
  5 quicksilver dragons
  Gastronok (Lair:1)
  Agnes (Spider:1)
  10 death cobs
  A kraken (Shoals:1)
  7 sphinxes
  2 tentacled starspawn (Abyss:3)
  16 storm dragons
  9 shadow dragons
  9 draconian monks
  4 tengu reavers
  Ilsuiw (Shoals:4)
  11 fire giants
  19 azure jellies
  3 draconian knights
  16 vault wardens
  4 frost giants
  2 iron dragons
  8 deep elf sorcerers
  A draconian scorcher (Zot:1)
  A balrug (Depths:3)
  6 draconian shifters
  Aizul (Elf:3)
  3 orc warlords
  10 ghost moths
  A caustic shrike zombie (Depths:4)
  3 spriggan defenders
  4 deep elf elementalists (Elf:3)
  8 emperor scorpions
  6 draconian annihilators
  A reaper (Depths:3)
  18 stone giants
  13 ironheart preservers
  A draconian stormcaller (Zot:2)
  6 very ugly things
  8 entropy weavers
  4 war gargoyles (Vaults:5)
  18 black draconians
  5 deep elf demonologists
  8 green draconians
  A vampire knight (Depths:4)
  11 deep elf death magi
  15 purple draconians
  16 red draconians
  4 spark wasps
  10 deep elf annihilators
  7 white draconians
  11 yellow draconians
  10 fire dragons
  A crystal guardian (Vaults:3)
  15 ettins
  9 merfolk javelineers
  18 death oozes
  13 merfolk impalers
  A blizzard demon (Depths:3)
  9 yaktaur captains
  13 deep elf high priests
  8 hydras
  8 rakshasas
  The ghost of HEYYEYAAE the Spear-Bearer, a journeyman NaGl of Cheibriados (D:11)
  14 great orbs of eyes
  15 ice dragons
  31 vault guards
  4 death knights
  The ghost of L29Ah the Thrower, a novice TrBe of Trog (Lair:1)
  2 merfolk avatars (Shoals:4)
  5 merfolk aquamancers (Shoals:4)
  8 spriggan air magi
  11 deep troll shamans
  15 ogre magi
  7 centaur warriors
  7 death yaks (Lair:6)
  8 death scarabs (Spider:4)
  30 dancing weapons
  A queen ant (D:13)
  3 catoblepae (Lair:6)
  53 two-headed ogres
  22 tengu warriors
  3 satyrs
  A vampire mage (Depths:2)
  2 storm dragon zombies
  9 deep troll earth magi
  9 spriggan berserkers
  An orc high priest (Orc:2)
  3 soul eaters (Depths:3)
  An iron troll (Depths:3)
  2 small abominations
  6 hell knights
  27 deep elf knights
  2 sixfirhies
  A shadow wraith (Vaults:4)
  4 sun demons
  3 spriggans
  2 large abominations
  11 skeletal warriors
  92 slime creatures
  2 quicksilver dragon simulacra (Depths:3)
  A death drake (Depths:5)
  29 deep trolls
  12 sea snakes
  5 unseen horrors
  7 glowing orange brains
  7 flayed ghosts
  6 wizards
  A storm dragon skeleton (Vaults:3)
  2 lindwurms (Depths:5)
  3 wolf spider zombies (Spider:4)
  3 spectral wolf spiders (Spider:4)
  A tengu zombie (Vaults:3)
  21 deep elf archers
  The ghost of Thaneod the Arsonist, a novice DEFE of Vehumet (D:8)
  9 necromancers
  58 deep elf magi
  3 phantasmal warriors (Vaults:5)
  24 orc knights
  13 ironbrand convokers
  A human zombie (Vaults:2)
  25 wolf spiders
  29 harpies
  A shadow dragon skeleton (Vaults:3)
  10 orb spiders
  3 shining eyes (Slime:5)
  14 manticores
  64 ugly things
  2 tengu skeletons (Vaults:3)
  A sphinx skeleton (Vaults:3)
  7 orc sorcerers
  A worldbinder (Abyss:2)
  10 cyclopes
  17 fauns
  26 moths of wrath
  Joseph (D:7)
  2 black mambas
  An eye of devastation (Slime:4)
  5 centaur zombies
  2 frost giant skeletons
  2 guardian serpents (shapeshifter)
  16 merfolk sirens
  A fire giant skeleton (Vaults:3)
  8 rust devils
  14 vault sentinels
  Maurice (D:10)
  2 smoke demons (Depths:5)
  An ice statue (Depths:3)
  A torpor snail (shapeshifter) (Zot:1)
  8 spiny frogs
  A titan simulacrum (Depths:1)
  3 centaur skeletons
  10 water nymphs
  8 freezing wraiths
  54 yaktaurs
  A yaktaur (shapeshifter) (Elf:1)
  3 spectral redbacks (Spider:4)
  An ice devil (Depths:3)
  3 efreet (Depths:3)
  6 komodo dragons
  A rime drake (shapeshifter) (Depths:1)
  18 demonic crawlers
  A hellwing (Abyss:3)
  A yaktaur zombie (Vaults:3)
  A rime drake (Lair:2)
  A redback zombie (Spider:4)
  4 red devils
  6 tengu conjurers
  9 trolls
  2 queen bees (shapeshifter)
  2 yaktaur skeletons
  A polar bear (shapeshifter) (Vaults:5)
  26 jumping spiders
  36 merfolk
  2 spectral jumping spiders (Spider:4)
  A polar bear (Lair:5)
  3 raiju
  A jumping spider zombie (Spider:4)
  7 spectral tarantellas (Spider:4)
  9 wind drakes
  14 hornets
  Prince Ribbit (D:6)
  A sphinx simulacrum (Depths:1)
  4 tarantella zombies (Spider:4)
  13 hippogriffs
  7 blink frogs
  A snapping turtle (shapeshifter) (Vaults:5)
  An ice dragon zombie (Depths:1)
  A blink frog (shapeshifter) (Vaults:5)
  4 dream sheep
  11 snapping turtles
  A fire giant simulacrum (Vaults:3)
  2 frost giant simulacra (Depths:1)
  8 starcursed masses (Abyss:2)
  4 shadows
  26 water elementals
  15 air elementals
  7 flying skulls
  Sigmund (D:5)
  30 tarantellas
  3 wyverns
  48 redbacks
  6 golden eyes (Slime:5)
  16 humans
  A yak (shapeshifter) (Depths:4)
  A vampire (D:15)
  3 hogs (Spider:1)
  35 yaks
  4 wraiths
  5 fire elementals
  6 vampire mosquitoes
  A neqoxec (Abyss:2)
  An elf skeleton (Depths:4)
  2 hungry ghosts
  5 basilisks
  12 wargs
  23 soldier ants (D:13)
  2 acid dragons
  7 swamp drakes (Depths:5)
  15 water moccasins
  7 porcupines
  A floating eye (shapeshifter) (Vaults:5)
  4 hell hounds
  2 deep troll skeletons (Vaults:3)
  A sky beast (D:5)
  An elf zombie (Vaults:2)
  An eye of draining (shapeshifter) (Depths:2)
  2 hornet zombies
  3 ice beasts
  45 ogres
  An elephant zombie (Lair:5)
  61 orc warriors
  A tengu (shapeshifter) (Vaults:5)
  5 eyes of draining
  3 phantoms
  3 boggarts
  5 ettin simulacra
  5 wolves (Lair:2)
  A centaur (shapeshifter) (Vaults:5)
  13 crocodiles
  14 centaurs
  A komodo dragon zombie (Lair:5)
  A big kobold (D:7)
  17 bullfrogs
  A glowing shapeshifter simulacrum (Vaults:1)
  3 earth elementals
  6 human skeletons (Vaults:3)
  5 scorpions
  A wyvern skeleton (D:10)
  6 human simulacra
  7 killer bees
  8 wights (D:11)
  3 electric eels
  5 howler monkeys
  9 crimson imps
  36 orc priests
  Crazy Yiuf (D:6)
  9 hounds
  4 jellies
  A gnoll shaman (D:4)
  3 iguanas
  30 orc wizards
  An iron imp (D:7)
  4 yak simulacra (Lair:4)
  A polar bear simulacrum (Lair:4)
  22 worker ants
  2 wolf simulacra (Lair:4)
  2 crocodile zombies (Lair:5)
  3 hound zombies
  11 gnolls
  A worker ant zombie (D:10)
  17 adders
  5 shadow imps
  A white imp (Abyss:2)
  2 ufetubi (Depths:5)
  An adder zombie (D:7)
  4 worms
  3 dart slugs
  10 leopard geckos
  119 orcs
  A ball python (shapeshifter) (Vaults:1)
  7 giant cockroaches
  6 goblins
  6 hobgoblins
  14 jackals
  6 quokkas
  3 ball pythons
  12 bats
  4 frilled lizards
  14 kobolds
  3 rats
  4 river rat simulacra (Lair:4)
  3 crawling corpses (Vaults:5)
  3 tentacles (Shoals:1)
2640 creatures vanquished.

Vanquished Creatures (collateral kills)
  2 orb spiders (Spider:2)
2 creatures vanquished.

Vanquished Creatures (others)
  A sphinx (Depths:5)
  An ettin (Depths:4)
  A fire dragon (Depths:4)
  2 yaktaur captains
  2 deep elf high priests (Vaults:5)
  2 spriggan air magi
  Erica (Orc:1)
  A deep troll earth mage (Depths:4)
  2 deep elf knights
  A deep elf archer (Vaults:2)
  4 yaktaurs
  A dream sheep (Shoals:4)
  A water elemental (Depths:4)
  An air elemental (Depths:3)
  A tarantella (Spider:2)
  A fire elemental (Elf:3)
  A hell hound (Depths:3)
  2 ogres (Vaults:3)
  2 orc priests
  2 orcs
  9 fungi
  A lurking horror (Abyss:3)
  24 plants
  2 starspawn tentacles (Abyss:3)
  5 tentacles (Shoals:1)
71 creatures vanquished.

Grand Total: 2713 creatures vanquished

Notes
Turn   | Place    | Note
-------+----------+-------------------------------------------
     0 | D:1      | komo4ek the Gargoyle Fighter began the quest for the Orb.
     0 | D:1      | Reached XP level 1. HP: 14/14 MP: 1/1
   228 | D:1      | Reached XP level 2. HP: 14/19 MP: 2/2
   369 | D:1      | Reached skill level 3 in Maces & Flails
   806 | D:1      | Reached XP level 3. HP: 18/23 MP: 3/3
   886 | D:2      | Reached skill level 4 in Maces & Flails
   894 | D:2      | Reached XP level 4. HP: 14/28 MP: 4/4
  1605 | D:2      | Found a bloodstained altar of Trog.
  1700 | D:2      | Reached skill level 5 in Maces & Flails
  1764 | D:2      | Reached XP level 5. HP: 32/32 MP: 5/5
  2680 | D:3      | Reached skill level 6 in Maces & Flails
  2743 | D:3      | Found a shadowy altar of Dithmenos.
  2780 | D:3      | Reached XP level 6. HP: 29/37 MP: 6/6
  3411 | D:4      | Reached skill level 7 in Maces & Flails
  3453 | D:4      | Reached XP level 7. HP: 37/41 MP: 7/7
  3670 | D:4      | Reached skill level 8 in Maces & Flails
  3953 | D:4      | Found a shadowy altar of Dithmenos.
  3969 | D:4      | Reached XP level 8. HP: 46/48 MP: 8/8
  4324 | D:5      | Entered Level 5 of the Dungeon
  4384 | D:5      | Noticed Sigmund
  4395 | D:5      | Killed Sigmund
  4420 | D:5      | Found a staircase to the Ecumenical Temple.
  4467 | Temple   | Entered the Ecumenical Temple
  4495 | Temple   | Became a worshipper of Warmaster Okawaru
  4772 | D:5      | Found a sparkling altar of Nemelex Xobeh.
  4938 | D:5      | Reached skill level 5 in Fighting
  4938 | D:5      | Reached skill level 5 in Armour
  4938 | D:5      | Reached skill level 5 in Shields
  5195 | D:6      | Reached * piety under Okawaru
  5195 | D:6      | Reached skill level 9 in Maces & Flails
  5212 | D:6      | Reached XP level 9. HP: 52/54 MP: 9/9
  5325 | D:6      | Noticed Prince Ribbit
  5361 | D:6      | Killed Prince Ribbit
  5552 | D:6      | Reached ** piety under Okawaru
  5659 | D:6      | Found a runed door.
  6154 | D:6      | Noticed Crazy Yiuf
  6159 | D:6      | Killed Crazy Yiuf
  6261 | D:7      | Noticed Joseph
  6277 | D:7      | Killed Joseph
  6718 | D:7      | Reached *** piety under Okawaru
  6732 | D:7      | Reached XP level 10. HP: 62/63 MP: 10/10
  6743 | D:7      | Reached skill level 10 in Maces & Flails
  7072 | D:7      | Found a snail-covered altar of Cheibriados.
  7372 | D:8      | Found a staircase to the Lair.
  7532 | D:8      | Noticed Thaneod's ghost (novice DEFE)
  7554 | D:8      | Killed Thaneod's ghost
  7554 | D:8      | Received a gift from Okawaru
  7956 | D:9      | Found a sparkling altar of Nemelex Xobeh.
  7956 | D:9      | Found a burning altar of Makhleb.
  8009 | D:9      | Reached **** piety under Okawaru
  8217 | D:9      | Noticed a two-headed ogre
  8222 | D:9      | Killed a two-headed ogre
  8222 | D:9      | Reached ***** piety under Okawaru
  8243 | D:9      | Found Vonuamm's Distillery.
  8263 | D:9      | Bought a potion of lignification for 42 gold pieces
  8263 | D:9      | Bought a potion of heal wounds for 70 gold pieces
  8263 | D:9      | Bought a potion of agility for 56 gold pieces
  8263 | D:9      | Bought a potion of curing for 42 gold pieces
  8309 | D:9      | Found a hazy altar of Hepliaklqana.
  8350 | D:9      | Reached XP level 11. HP: 69/69 MP: 11/11
  8396 | D:9      | Found a glowing silver altar of Zin.
  8591 | D:9      | Found Vulil's Antique Armour Emporium.
  8599 | D:9      | Bought a dazzling chain mail for 275 gold pieces
  8609 | D:9      | Identified the +5 chain mail of the Yeti {rCorr Str+4 Int+3 SInv} (You bought it in a shop on level 9 of the Dungeon)
  8631 | D:9      | Found Rihim's Distillery.
  8908 | D:10     | Entered Level 10 of the Dungeon
  8940 | D:10     | Noticed a two-headed ogre
  8951 | D:10     | Killed a two-headed ogre
  8951 | D:10     | Reached skill level 11 in Maces & Flails
  8951 | D:10     | Reached skill level 1 in Invocations
  9046 | D:10     | Noticed Maurice
  9057 | D:10     | Killed Maurice
  9057 | D:10     | Received a gift from Okawaru
  9519 | D:10     | Found a staircase to the Orcish Mines.
 10068 | D:11     | Noticed an unseen horror
 10090 | D:11     | Killed an unseen horror
 10090 | D:11     | Reached ****** piety under Okawaru
 10184 | D:11     | Received a gift from Okawaru
 10331 | D:11     | Noticed HEYYEYAAE's ghost (journeyman NaGl)
 10360 | D:11     | Killed HEYYEYAAE's ghost
 10360 | D:11     | Reached skill level 5 in Invocations
 10367 | D:11     | Noticed a white ugly thing
 10386 | D:11     | Killed a white ugly thing
 10414 | D:11     | Found a shattered altar of Ashenzari.
 10612 | D:12     | Noticed an unseen horror
 10624 | D:12     | Killed an unseen horror
 10624 | D:12     | Reached XP level 12. HP: 77/77 MP: 16/16
 10773 | D:12     | Reached skill level 10 in Fighting
 10819 | D:12     | Reached skill level 10 in Armour
 11154 | D:12     | Received a gift from Okawaru
 11157 | D:12     | Got a brightly glowing hat {god gift}
 11168 | D:12     | Identified the +1 hat "Ysi Wesch" {rElec rC- MP-9 SInv} (Okawaru gifted it to you on level 12 of the Dungeon)
 11382 | D:12     | Noticed a two-headed ogre
 11413 | D:12     | Killed a two-headed ogre
 11418 | D:12     | Reached skill level 10 in Shields
 11468 | D:12     | Noticed a rakshasa
 11511 | D:12     | Reached skill level 12 in Maces & Flails
 11740 | D:12     | Noticed an eight-headed hydra
 11748 | D:12     | Killed an eight-headed hydra
 11810 | D:12     | Got a faintly glowing mace
 11900 | D:12     | Identified the +0 mace of a bazaar {venom, +Inv Str+4 Int+4} (You found it on level 12 of the Dungeon)
 12035 | Lair:1   | Entered Level 1 of the Lair of Beasts
 12173 | Lair:1   | Reached XP level 13. HP: 82/83 MP: 19/19
 12180 | Lair:1   | Noticed L29Ah's ghost (novice TrBe)
 12186 | Lair:1   | Cast into level 2 of the Abyss (L29Ah's ghost)
 12346 | Lair:1   | Escaped the Abyss
 12362 | Lair:1   | Killed L29Ah's ghost
 12731 | Lair:1   | Noticed Gastronok
 12760 | Lair:1   | Killed Gastronok
 12760 | Lair:1   | Received a gift from Okawaru
 12763 | Lair:1   | Got an ancient crystal plate armour {god gift}
 12797 | Lair:1   | Identified the +5 crystal plate armour of the Garden {Stlth+} (Okawaru gifted it to you on level 1 of the Lair of Beasts)
 13212 | Lair:2   | Found a hole to the Spider Nest.
 13527 | Lair:2   | Reached skill level 10 in Invocations
 14146 | Lair:3   | Got a shimmering flail
 14743 | Lair:3   | Found a staircase to the Shoals.
 15124 | Lair:4   | Identified the +8 flail "Ecukal" {flame, Dex+3} (You found it on level 3 of the Lair of Beasts)
 15289 | Lair:4   | Received a gift from Okawaru
 16150 | Lair:5   | Gained mutation: Your large and strong wings let you fly indefinitely. [Gargoyle growth]
 16150 | Lair:5   | Reached XP level 14. HP: 90/90 MP: 22/22
 16164 | Lair:5   | Found a viscous altar of Jiyva.
 16164 | Lair:5   | Found a staircase to the Slime Pits.
 16638 | Lair:6   | Entered Level 6 of the Lair of Beasts
 17006 | Lair:6   | Received a gift from Okawaru
 17006 | Lair:6   | Reached skill level 13 in Maces & Flails
 17435 | Lair:6   | Received a gift from Okawaru
 18218 | Orc:1    | Entered Level 1 of the Orcish Mines
 18478 | Orc:2    | Entered Level 2 of the Orcish Mines
 18478 | Orc:2    | Noticed Saint Roka
 18478 | Orc:2    | Noticed an orc warlord
 18900 | Orc:1    | Killed an orc warlord
 19516 | Orc:1    | Killed Saint Roka
 19516 | Orc:1    | Reached XP level 15. HP: 43/97 MP: 17/24
 20112 | Orc:2    | Found a staircase to the Elven Halls.
 20270 | Orc:2    | Noticed an orc warlord
 20644 | Orc:1    | Killed an orc warlord
 20776 | Orc:2    | Received a gift from Okawaru
 21251 | Orc:2    | Found a roughly hewn altar of Beogh.
 21311 | Orc:2    | Found Obideil's Book Emporium.
 21382 | Orc:2    | Found Suplas's Antique Weapon Emporium.
 21397 | Orc:2    | Found Cowes's General Store.
 21404 | Orc:2    | Bought a potion of agility for 56 gold pieces
 21420 | Orc:2    | Found Ejuffai's Antique Armour Emporium.
 21565 | Orc:1    | Noticed Erica
 21593 | Orc:1    | Killed Erica
 22238 | D:13     | Found a gate to the Vaults.
 22238 | D:13     | Noticed Rupert
 22427 | D:13     | Reached skill level 14 in Maces & Flails
 22564 | D:13     | Received a gift from Okawaru
 22875 | D:13     | Paralysed by Rupert for 5 turns
 22895 | D:13     | Killed Rupert
 23620 | D:13     | Received a gift from Okawaru
 23651 | D:13     | Got a twisted flail {god gift}
 23652 | D:13     | Identified the +1 flail of Forgiveness {crush, Int+2} (Okawaru gifted it to you on level 13 of the Dungeon)
 23771 | D:14     | Found a transporter.
 23936 | D:14     | Reached XP level 16. HP: 104/104 MP: 26/26
 24391 | D:14     | Found a roughly hewn altar of Beogh.
 24483 | D:14     | Found a transporter.
 24491 | D:14     | Got a pitted helmet
 24510 | D:14     | Identified the cursed +0 helmet of the Thistle {rC+ rN+} (You found it on level 14 of the Dungeon)
 24546 | D:15     | Entered Level 15 of the Dungeon
 24652 | D:15     | Reached skill level 15 in Maces & Flails
 24674 | D:15     | Received a gift from Okawaru
 25112 | D:15     | Found a staircase to the Depths.
 25855 | Shoals:1 | Entered Level 1 of the Shoals
 26314 | Shoals:1 | Found a transporter.
 26363 | Shoals:1 | Noticed a kraken
 26672 | Shoals:1 | Killed a kraken
 27359 | Shoals:1 | Received a gift from Okawaru
 27403 | Shoals:1 | Reached XP level 17. HP: 106/111 MP: 27/27
 27426 | Shoals:1 | Found a transporter.
 27728 | Shoals:1 | Got a faintly glowing copper amulet
 27741 | Shoals:1 | Got a scintillating ivory ring
 27767 | Shoals:1 | Identified the amulet of Suenodu {+Rage +Inv Dex+2} (You found it on level 1 of the Shoals)
 27768 | Shoals:1 | Identified the ring "Ekeop" {MR+ EV+3 Str+4 Int+4} (You found it on level 1 of the Shoals)
 28093 | Shoals:2 | Reached skill level 16 in Maces & Flails
 28343 | Shoals:2 | Found Tadaziemm's Weapon Boutique.
 28697 | Shoals:3 | Received a gift from Okawaru
 29467 | Shoals:4 | Entered Level 4 of the Shoals
 29567 | Shoals:4 | Received a gift from Okawaru
 29602 | Shoals:4 | Got a barnacled rune of Zot
 29995 | Shoals:4 | Noticed Ilsuiw
 30033 | Shoals:4 | Killed Ilsuiw
 30702 | Shoals:4 | Received a gift from Okawaru
 30719 | Shoals:4 | Reached XP level 18. HP: 62/117 MP: 29/29
 30846 | Shoals:4 | Reached skill level 15 in Invocations
 31173 | Shoals:4 | HP: 5/118 [snapping turtle (11)]
 31196 | Shoals:4 | Reached skill level 17 in Maces & Flails
 31719 | Elf:1    | Entered Level 1 of the Elven Halls
 31747 | Elf:1    | Found a deep blue altar of Sif Muna.
 31812 | Elf:1    | Reached skill level 15 in Armour
 31847 | Elf:1    | Reached skill level 15 in Fighting
 32334 | Elf:1    | Found the cursed +14 obsidian axe {chop, +Fly SInv *Curse}
 32926 | Elf:2    | Identified 2 scrolls of acquirement
 32931 | Elf:2    | Got a coiled bronze ring
 32937 | Elf:2    | Got a heavily runed glass ring
 32950 | Elf:2    | Identified the ring "Misemn" {EV+3 Int+6} (You acquired it on level 2 of the Elven Halls)
 32952 | Elf:2    | Identified the ring "Podeq" {Int+3 Dex+4} (You acquired it on level 2 of the Elven Halls)
 33387 | Elf:2    | Found the +3 warlock's mirror {reflect}
 33388 | Elf:2    | Reached skill level 15 in Shields
 33410 | Elf:2    | Received a gift from Okawaru
 33641 | Elf:2    | Found a runed gate.
 33643 | Elf:2    | Found a runed gate.
 33644 | Elf:2    | Found a runed gate.
 33745 | Elf:2    | Reached XP level 19. HP: 124/124 MP: 30/30
 33877 | Elf:2    | Received a gift from Okawaru
 33953 | Elf:2    | Reached skill level 18 in Maces & Flails
 34098 | Elf:3    | Entered Level 3 of the Elven Halls
 34426 | Elf:3    | Received a gift from Okawaru
 34715 | Elf:3    | Noticed Aizul
 34722 | Elf:3    | Killed Aizul
 34795 | Elf:3    | Received a gift from Okawaru
 35017 | Elf:3    | Found the +2 cloak of the Thief {+Fog Slay-2 SInv Stlth+}
 35031 | Elf:3    | Identified the Handbook of Venom and Enhancements
 35370 | Elf:3    | HP: 2/125 [deep elf annihilator/crystal spear (72)]
 36242 | Spider:1 | Entered Level 1 of the Spider Nest
 36269 | Spider:1 | Reached XP level 20. HP: 126/131 MP: 32/32
 36308 | Spider:1 | Noticed Agnes
 36320 | Spider:1 | Killed Agnes
 36456 | Spider:2 | Received a gift from Okawaru
 36896 | Spider:2 | Got a bloodstained cloak {god gift}
 36940 | Spider:1 | Reached skill level 19 in Maces & Flails
 37034 | Spider:2 | Identified the +2 cloak "Zaeraf" {MR+} (Okawaru gifted it to you on level 2 of the Spider Nest)
 38367 | Spider:4 | Entered Level 4 of the Spider Nest
 38609 | Spider:4 | Received a gift from Okawaru
 39158 | Spider:4 | Received a gift from Okawaru
 39169 | Spider:4 | Got a fine mace {god gift}
 39171 | Spider:4 | Identified the +8 mace "Hydra's Death Toll" {venom, *Contam +Inv Str+4 SInv} (Okawaru gifted it to you on level 4 of the Spider Nest)
 39195 | Spider:4 | Got a gossamer rune of Zot
 39253 | Spider:4 | Reached XP level 21. HP: 135/138 MP: 33/33
 39715 | Vaults:1 | Entered Level 1 of the Vaults
 39715 | Vaults:1 | Found Tekh's General Store.
 40209 | Vaults:1 | Received a gift from Okawaru
 41339 | Vaults:1 | Reached skill level 20 in Maces & Flails
 41838 | Vaults:2 | Received a gift from Okawaru
 43229 | Vaults:3 | Received a gift from Okawaru
 43233 | Vaults:3 | Reached XP level 22. HP: 80/145 MP: 34/34
 44196 | Vaults:3 | Noticed Asterion
 44207 | Vaults:3 | Killed Asterion
 44628 | Vaults:3 | Found a staircase to the Crypt.
 44889 | Vaults:3 | Reached skill level 21 in Maces & Flails
 46192 | Vaults:4 | Received a gift from Okawaru
 46916 | Vaults:4 | Reached XP level 23. HP: 53/152 MP: 36/36
 47403 | Vaults:5 | Entered Level 5 of the Vaults
 47419 | Vaults:5 | Received a gift from Okawaru
 47435 | Vaults:5 | HP: 7/152 [shadow dragon (2)]
 48358 | Vaults:5 | Received a gift from Okawaru
 48373 | Vaults:5 | Reached skill level 22 in Maces & Flails
 48603 | Vaults:5 | Reached XP level 24. HP: 61/159 MP: 36/36
 48812 | Vaults:5 | Received a gift from Okawaru
 48985 | Vaults:5 | Found the +3 hat of Pondering {ponderous, MR+ MP+10 Int+5}
 49380 | Vaults:5 | Got a silver rune of Zot
 50082 | Slime:1  | Entered Level 1 of the Pits of Slime
 50322 | Slime:1  | Received a gift from Okawaru
 50496 | Slime:5  | Entered Level 5 of the Pits of Slime
 50688 | Slime:5  | Found a viscous altar of Jiyva.
 50688 | Slime:5  | Noticed the Royal Jelly
 51516 | Slime:5  | Killed the Royal Jelly
 51690 | Slime:5  | Gained mutation: Armour fits poorly on your strangely shaped body. [a shining eye]
 51964 | Slime:5  | Got a sparkling sapphire amulet
 51983 | Slime:5  | Got a slimy rune of Zot
 52004 | Slime:5  | Got a smoking silver ring
 52050 | Slime:5  | Identified the Compendium of the Unholy Oath
 52069 | Slime:5  | Identified the amulet "Zoawn" {RegenMP *Slow rElec rC- MR+++} (You found it on level 5 of the Pits of Slime)
 52070 | Slime:5  | Identified the ring "Ybeon" {*Slow rElec rN+ Str+7 SInv} (You found it on level 5 of the Pits of Slime)
 52651 | Depths:1 | Entered Level 1 of the Depths
 52738 | Depths:1 | Found Miump's Food Shoppe.
 52804 | Depths:1 | Found a gateway to Hell.
 52882 | Depths:1 | Reached XP level 25. HP: 94/166 MP: 36/36
 52929 | Depths:1 | Reached skill level 23 in Maces & Flails
 53919 | Depths:2 | Noticed Mara
 53920 | Depths:2 | Noticed Jorgrun
 53953 | Depths:1 | Noticed komo4ek's illusion
 53967 | Depths:1 | Killed Mara
 53967 | Depths:1 | Received a gift from Okawaru
 53970 | Depths:1 | Identified the +7 mace "Rahuthej" {freeze, rPois MR- Str+2} (Okawaru gifted it to you on level 1 of the Depths)
 54056 | Depths:1 | Killed Jorgrun
 54406 | Depths:2 | Received a gift from Okawaru
 54512 | Depths:2 | Found a transporter.
 54537 | Depths:2 | Found a transporter.
 55199 | Depths:3 | Found an ornate altar of the Wu Jian Council.
 55776 | Depths:3 | Got an ichor-stained demon whip
 55777 | Depths:3 | Identified the +10 demon whip of Destiny {pain, rF+ Int+4} (You found it on level 3 of the Depths)
 55892 | Depths:3 | Received a gift from Okawaru
 55892 | Depths:3 | Reached XP level 26. HP: 107/174 MP: 37/37
 55994 | Depths:3 | Noticed a juggernaut
 56008 | Depths:3 | Killed a juggernaut
 56279 | Depths:3 | Received a gift from Okawaru
 56339 | Depths:3 | Reached skill level 24 in Maces & Flails
 56375 | Depths:3 | Found a snail-covered altar of Cheibriados.
 56556 | Depths:3 | Found a shimmering altar of Xom.
 56623 | Depths:3 | Found a shadowy altar of Dithmenos.
 56623 | Depths:3 | Found a one-way gate leading to the halls of Pandemonium.
 57147 | Depths:4 | Found a one-way gate to the infinite horrors of the Abyss.
 57506 | Depths:4 | Received a gift from Okawaru
 57866 | Depths:4 | Noticed Jory
 57889 | Depths:4 | Killed Jory
 57967 | Depths:4 | Voluntarily entered the Abyss.
 58112 | Abyss:2  | Paralysed by accursed screaming for 1 turns
 58309 | Depths:4 | Escaped the Abyss
 58356 | Depths:4 | Found a gateway to a ziggurat.
 58380 | Depths:5 | Entered Level 5 of the Depths
 58588 | Depths:5 | Noticed a juggernaut
 58599 | Depths:5 | Killed a juggernaut
 58756 | Depths:5 | Found an iron altar of Okawaru.
 58773 | Depths:4 | Received a gift from Okawaru
 58978 | Depths:5 | Reached XP level 27. HP: 175/180 MP: 37/37
 59554 | Depths:5 | Found a gate to the Realm of Zot.
 59931 | Zot:1    | Entered Level 1 of the Realm of Zot
 60130 | Zot:1    | Noticed an orb of fire
 60130 | Zot:1    | Reached skill level 25 in Maces & Flails
 60144 | Zot:1    | Gained mutation: Scrolls take you a little longer to read. [an orb of fire]
 60157 | Zot:1    | Killed an orb of fire
 60157 | Zot:1    | Received a gift from Okawaru
 60312 | Zot:1    | Lost mutation: Armour fits poorly on your strangely shaped body. [potion of mutation]
 60312 | Zot:1    | Lost mutation: Scrolls take you a little longer to read. [potion of mutation]
 60312 | Zot:1    | Gained mutation: Your spells are a little easier to cast, but a little less powerful. [potion of mutation]
 60312 | Zot:1    | Gained mutation: You are weak. (Str -2) [potion of mutation]
 60312 | Zot:1    | Gained mutation: You have a pair of small horns on your head. [potion of mutation]
 60312 | Zot:1    | Gained mutation: You are agile. (Dex +2) [potion of mutation]
 60313 | Zot:1    | Lost mutation: You are agile. (Dex +2) [potion of mutation]
 60313 | Zot:1    | Lost mutation: You have a pair of small horns on your head. [potion of mutation]
 60313 | Zot:1    | Lost mutation: Your spells are a little easier to cast, but a little less powerful. [potion of mutation]
 60313 | Zot:1    | Gained mutation: You are partially covered in thin metallic scales. (AC +2) [potion of mutation]
 60313 | Zot:1    | Gained mutation: Scrolls take you a little longer to read. [potion of mutation]
 60313 | Zot:1    | Gained mutation: Your natural rate of healing is unusually fast. [potion of mutation]
 61083 | Zot:1    | Received a gift from Okawaru
 61663 | Zot:1    | Received a gift from Okawaru
 63063 | Zot:3    | Received a gift from Okawaru
 63872 | Zot:4    | Received a gift from Okawaru
 63875 | Zot:4    | Got a brightly glowing shield {god gift}
 63887 | Zot:4    | Identified the +3 shield of Vlad {rC- Dex+6} (Okawaru gifted it to you on level 4 of the Realm of Zot)
 64066 | Zot:5    | Entered Level 5 of the Realm of Zot
 64084 | Zot:5    | Reached skill level 26 in Maces & Flails
 64087 | Zot:5    | Noticed IjonTichy1's ghost (legendary FoAs)
 64106 | Zot:5    | Killed IjonTichy1's ghost
 64451 | Zot:5    | Noticed an ancient lich
 64458 | Zot:5    | Killed an ancient lich
 64481 | Zot:5    | Noticed an ancient lich
 64491 | Zot:5    | Killed an ancient lich
 64496 | Zot:5    | Noticed an orb of fire
 64496 | Zot:5    | Gained mutation: You are clumsy. (Dex -2) [an orb of fire]
 64498 | Zot:5    | Received a gift from Okawaru
 64516 | Zot:5    | Killed an orb of fire
 64526 | Zot:5    | Noticed an orb of fire
 64541 | Zot:5    | Gained mutation: Your magical capacity is low. (-10% MP) [an orb of fire]
 64542 | Zot:5    | Gained mutation: You are frail. (-10% HP) [an orb of fire]
 64546 | Zot:5    | Noticed an orb of fire
 64549 | Zot:5    | Gained mutation: Your magical capacity is very low. (-20% MP) [an orb of fire]
 64553 | Zot:5    | Gained mutation: You are dopey. (Int -2) [an orb of fire]
 64556 | Zot:5    | Noticed an orb of fire
 64644 | Zot:5    | Noticed an ancient lich
 64665 | Zot:5    | Killed an ancient lich
 64823 | Zot:5    | Noticed an orb of fire
 64824 | Zot:5    | Gained mutation: Scrolls take you longer to read. [an orb of fire]
 64839 | Zot:5    | Killed an orb of fire
 64936 | Zot:5    | Noticed an orb of fire
 64944 | Zot:5    | HP: 6/165 [orb of fire/fireball (26)]
 64946 | Zot:5    | Gained mutation: Your magical capacity is extremely low. (-30% MP) [an orb of fire]
 65117 | Zot:5    | Killed an orb of fire
 65282 | Zot:5    | Lost mutation: Your magical capacity is extremely low. (-30% MP) [potion of mutation]
 65282 | Zot:5    | Lost mutation: Your magical capacity is very low. (-20% MP) [potion of mutation]
 65282 | Zot:5    | Lost mutation: You are frail. (-10% HP) [potion of mutation]
 65282 | Zot:5    | Lost mutation: Scrolls take you longer to read. [potion of mutation]
 65282 | Zot:5    | Gained mutation: You are partially covered in large bone plates. (SH +4) [potion of mutation]
 65282 | Zot:5    | Gained mutation: You are resistant to hostile enchantments. (MR+) [potion of mutation]
 65354 | Zot:5    | Noticed an orb of fire
 65355 | Zot:5    | Gained mutation: Armour fits poorly on your strangely shaped body. [an orb of fire]
 65357 | Zot:5    | Gained mutation: Your body sometimes deteriorates upon taking damage. [an orb of fire]
 65359 | Zot:5    | Gained mutation: Your body often deteriorates upon taking damage. [an orb of fire]
 65360 | Zot:5    | Gained mutation: You are very dopey. (Int -4) [an orb of fire]
 66261 | D:9      | Bought a potion of agility for 64 gold pieces
 66261 | D:9      | Bought 2 potions of haste for 320 gold pieces
 66261 | D:9      | Bought a potion of cancellation for 128 gold pieces
 66261 | D:9      | Bought 2 potions of curing for 96 gold pieces
 66261 | D:9      | Bought a potion of heal wounds for 80 gold pieces
 66798 | Zot:5    | Gained mutation: You possess an exceptional clarity of mind. [an orb of fire]
 66818 | Zot:5    | Gained mutation: You are very weak. (Str -4) [an orb of fire]
 66819 | Zot:5    | Gained mutation: You are frail. (-10% HP) [an orb of fire]
 66825 | Zot:5    | Gained mutation: Your magical capacity is very low. (-20% MP) [an orb of fire]
 66827 | Zot:5    | Killed an orb of fire
 66829 | Zot:5    | Lost mutation: Your natural rate of healing is unusually fast. [an orb of fire]
 66830 | Zot:5    | Lost mutation: You possess an exceptional clarity of mind. [an orb of fire]
 66834 | Zot:5    | Gained mutation: Potions are less effective at restoring your health. [an orb of fire]
 66847 | Zot:5    | Gained mutation: You are very frail. (-20% HP) [an orb of fire]
 66986 | Zot:5    | Gained mutation: Potions are poor at restoring your health. [an orb of fire]
 66987 | Zot:5    | Gained mutation: You do not regenerate when monsters are visible. [an orb of fire]
 67001 | Zot:5    | Gained mutation: You expend magic power (3 MP) to strengthen your wands. [an orb of fire]
 67003 | Zot:5    | Gained mutation: You tend to lose your temper in combat. [an orb of fire]
 67009 | Zot:5    | Gained mutation: You are very clumsy. (Dex -4) [an orb of fire]
 67010 | Zot:5    | Killed an orb of fire
 67019 | Zot:5    | Killed an orb of fire
 67168 | Zot:5    | Noticed an orb of fire
 67172 | Zot:5    | Gained mutation: Potions cannot restore your health. [an orb of fire]
 67177 | Zot:5    | Gained mutation: Your magical capacity is extremely low. (-30% MP) [an orb of fire]
 67182 | Zot:5    | Killed an orb of fire
 67345 | Zot:5    | Gained mutation: You often lose your temper in combat. [an orb of fire]
 67350 | Zot:5    | Killed an orb of fire
 67358 | Zot:5    | Received a gift from Okawaru
 67363 | Zot:5    | Identified the +2 mace of Gallantry {freeze, Str+3} (Okawaru gifted it to you on level 5 of the Realm of Zot)
 67489 | Zot:5    | Noticed an orb of fire
 67494 | Zot:5    | Gained mutation: You are extremely frail. (-30% HP) [an orb of fire]
 67509 | Zot:5    | Killed an orb of fire
 67509 | Zot:5    | Received a gift from Okawaru
 67512 | Zot:5    | Got a spiked helmet {god gift}
 67524 | Zot:5    | Identified the +2 helmet of the Black Skies {-Cast MR+ Regen+} (Okawaru gifted it to you on level 5 of the Realm of Zot)
 67530 | Zot:5    | Got the Orb of Zot
 67544 | Zot:5    | Noticed Letoast the pandemonium lord
 67628 | Zot:4    | Killed Letoast the pandemonium lord
 67628 | Zot:4    | Reached skill level 27 in Maces & Flails
 67821 | Depths:4 | HP: 3/130 [smoke demon (5)]
 67825 | Depths:4 | Killed from afar by a daeva

Skill      XL: |  1  2  3  4  5  6  7  8  9 10 11 12 13 14 15 16 17 18 19 20 21 22 23 24 25 26 27 |
---------------+----------------------------------------------------------------------------------+-----
Maces & Flails | 3 4 5 6 7 8 9 10 11 12 13 14 15 16 17 18 19 20 21 22 23 24 27 | 27.0
Armour         | 5 7 8 9 10 11 12 13 14 15 16 17 18 19 20 21 23 | 23.8
Fighting       | 5 7 8 9 10 11 12 13 14 15 16 17 18 19 20 22 | 22.5
Shields        | 5 6 8 9 10 11 12 13 14 15 16 17 18 19 20 22 | 22.3
Invocations    | 5 8 11 12 13 14 15 16 17 18 19 20 22 | 22.6

Action                   |  1- 3 |  4- 6 |  7- 9 | 10-12 | 13-15 | 16-18 | 19-21 | 22-24 | 25-27 || total
-------------------------+-------+-------+-------+-------+-------+-------+-------+-------+-------++-------
Melee: Flail             |   117 |   371 |    65 |       |       |       |       |       |       ||   553
       Morningstar       |       |       |   428 |   733 |  1432 |  1779 |  2113 |  1199 |       ||  7684
       Eveningstar       |       |       |       |       |       |       |       |   752 |  2945 ||  3697
       Demon whip        |       |       |       |       |       |       |       |       |    62 ||    62
Throw: Javelin           |       |       |       |     8 |       |       |       |       |       ||     8
Invok: Heroism           |       |       |       |       |     4 |     5 |     6 |     4 |    13 ||    32
       Finesse           |       |       |       |       |     1 |     7 |     5 |     6 |    12 ||    31
 Abil: Fly               |       |       |       |       |       |     4 |     1 |       |     2 ||     7
       Stop Flying       |       |       |       |       |       |     4 |     1 |       |     2 ||     7
Evoke: Wand              |       |       |       |     7 |     5 |     4 |     4 |     1 |     2 ||    23
       Phial of floods   |       |       |       |       |       |       |     1 |       |     2 ||     3
  Use: Potion            |       |     1 |       |       |    10 |     8 |     9 |    17 |    30 ||    75
       Scroll            |       |       |     4 |    16 |    17 |    12 |     8 |    17 |    21 ||    95
 Stab: Distracted        |       |       |       |       |       |       |     1 |       |     1 ||     2
  Eat: Chunk             |       |     6 |    11 |       |     4 |       |       |       |     1 ||    22
       Ration            |       |     1 |       |     6 |    10 |    11 |     9 |    10 |    17 ||    64
Armor: Scale mail        |    93 |   179 |       |       |       |       |       |       |       ||   272
       Chain mail        |       |    75 |   276 |   485 |    67 |       |   473 |   464 |    71 ||  1911
       Skin              |       |     1 |       |       |       |       |       |       |       ||     1
       Crystal plate arm |       |       |       |     5 |   926 |  1292 |  1148 |   846 |   361 ||  4578
       Pearl dragon scal |       |       |       |       |       |       |    47 |       |       ||    47
       Fire dragon scale |       |       |       |       |       |       |     1 |    66 |    46 ||   113
       Gold dragon scale |       |       |       |       |       |       |       |       |  1100 ||  1100
Dodge: Dodged            |    41 |   143 |   125 |   213 |   253 |   470 |   875 |  1036 |   788 ||  3944
Block: Shield            |    76 |   236 |   207 |   442 |   895 |  1277 |  1491 |       |   373 ||  4997
       Buckler           |       |       |       |       |       |       |   150 |  1034 |    67 ||  1251
       Reflection        |       |       |       |       |       |       |    19 |    87 |     1 ||   107
       Large shield      |       |       |       |       |       |       |       |       |  2975 ||  2975
